 Dungeon Crawl Stone Soup version 0.32-a0-986-ga09f62fbf4 (webtiles) character file.

Game seed: 14405715622462254439

5 protoss039 the Digger (level 1, -2/14 HPs)
             Began as a Demonspawn Earth Elementalist on Apr 21, 2024.
             Slain by a hobgoblin (4 damage)
             ... on level 1 of the Dungeon.
             The game lasted 00:00:54 (131 turns).

protoss039 the Digger (DsEE)                         Turns: 131, Time: 00:00:54

Health: -2/14      AC:  2    Str:  8    XL:     1   Next: 66%
Magic:  1/3        EV: 11    Int: 15    God:
Gold:   21         SH:  0    Dex: 13    Spells: 3/4 levels left

rFire   . . .        (no weapon)
rCold   . . .        (no shield)
rNeg    . . .        a - +0 robe
rPois   .            (no helmet)
rElec   .            (no cloak)
rCorr   .            (no gloves)
SInv    .            (no boots)
Will    .....        (no amulet)
Stlth   ++           (no ring)
HPRegen 0.22/turn    (no ring)
MPRegen 0.08/turn

%: no passive effects
@: no status effects
A: no striking features
a: no special abilities


You were on level 1 of the Dungeon.
You visited 1 branch of the dungeon, and saw 1 of its levels.

You collected 21 gold pieces.

Inventory:

Armour
 a - a +0 robe (worn)
Scrolls
 c - a scroll of revelation {unknown}
 d - a scroll of silence {unknown}
Potions
 b - a potion of magic
 e - a potion of might {unknown}


   Skills:
 + Level 0.5 Fighting
 - Level 1.7 Dodging
 - Level 1.7 Stealth
 + Level 2.1 Spellcasting
 - Level 1.0 Conjurations
 + Level 2.8 Earth Magic


You had 3 spell levels left.
You knew the following spells:

 Your Spells              Type           Power      Damage    Failure   Level
a - Sandblast             Erth           20%        2d7       7%          1

Your spell library contained the following spells:

 Spells                   Type           Power      Damage    Failure   Level
 Passwall                 Erth           10%        N/A       21%         3
 Stone Arrow              Conj/Erth      14%        3d7       30%         3
 Brom's Barrelling Bould  Conj/Erth      7%         2d3       69%         4
 Petrify                  Alch/Erth      5%         N/A       77%         4


Dungeon Overview and Level Annotations

Branches:
Dungeon (1/15) Zot: 5865

Altars:


Message History

The hobgoblin closely misses you.
Unknown command.
You closely miss the hobgoblin.
The hobgoblin is almost dead.
The hobgoblin hits you.
Unknown command.
You hit the hobgoblin but do no damage.
The hobgoblin is almost dead.
The hobgoblin barely misses you.
Unknown command.
You hit the hobgoblin but do no damage.
The hobgoblin is almost dead.
The hobgoblin hits you but does no damage.
Unknown command.
You closely miss the hobgoblin.
The hobgoblin is almost dead.
The hobgoblin hits you.
Unknown command.
You hit the hobgoblin but do no damage.
The hobgoblin is almost dead.
The hobgoblin barely misses you.
Unknown command.
You hit the hobgoblin but do no damage.
The hobgoblin is almost dead.
The hobgoblin closely misses you.
Unknown command.
You hit the hobgoblin but do no damage. Your punch misses the hobgoblin.
The hobgoblin is almost dead.
The hobgoblin barely misses you.
Unknown command.
You closely miss the hobgoblin.
The hobgoblin is almost dead.
The hobgoblin hits you.
* * * LOW HITPOINT WARNING * * *
Unknown command.
You hit the hobgoblin.
You kill the hobgoblin!
The hobgoblin attacks as it pursues you!
The hobgoblin hits you.
You die...

.....#.................
....##........†......
........##... ..... ..#.....#
### #†.## ..##....# #...#
........# #.#..# ...#.##.# #†#
..# .....# .# #g## ..## .....# #
#.@###..##### #..########
##...##.....# ##...##...##
###...#>...# #..........##
###......# ............#
######.....####
............####.............#
.................#####.......###
#..........## #.....###.#
##...##.....## #####.#.#.


You could see a hobgoblin.

Vanquished Creatures
  An endoplasm (D:1)
  A giant cockroach (D:1)
  A hobgoblin (D:1)
  A ball python (D:1)
  A rat (D:1)
5 creatures vanquished.

Notes
Turn   | Place    | Note
-------+----------+-------------------------------------------
     0 | D:1      | protoss039 the Demonspawn Earth Elementalist began the
                  | quest for the Orb.
     0 | D:1      | Reached XP level 1. HP: 13/13 MP: 3/3
   131 | D:1      | Slain by a hobgoblin

Illustrated notes

Levels and vault maps discovered:
D:1:      dpeg_arrival_more_subterranean_lakeside_camping, layout_rooms,
          serial_shops, shop, serial_aquarium, aquarium_bridge_straight
          [aquarium_subvault_bridge, aquarium_subvault_window,
          aquarium_subvault_bridge, aquarium_subvault_window],
          aquarium_window_2, aquarium_window_corridor_1, aquarium_window_fake,
          aquarium_window_1, aquarium_view_2e, aquarium_view_2e,
          aquarium_balcony_double_4

Action                     || total
---------------------------++-------
  Melee: Unarmed           ||    29
   Cast: Sandblast         ||     5
 Armour: Robe              ||    14
  Dodge: Dodged            ||    19

Table legend: (Time is in decaauts)
 A = Elapsed time spent in this place.
 B = Non-inter-level travel time spent in this place.
 C = Inter-level travel time spent in this place.
 D = Time resting spent in this place.
 E = Time spent auto-exploring this place.
 F = Levels seen in this place.
 G = Mean time per level.
                   A        B        C        D        E       F      G
               +--------+--------+--------+--------+--------+-----+--------+
         Total |    133 |    133 |      0 |      0 |     81 |   1 |  133.0 |
       Dungeon |    133 |    133 |      0 |      0 |     81 |   1 |  133.0 |
               +--------+--------+--------+--------+--------+-----+--------+

Top non-repeatable levels by time:
     D:1: 133 daAuts
